AoeStats
← 省委高育良

Black Forest

505957630Analyzed
4v4 RM · 21d ago on Sep 11, 2026· 48m 39s· 8 players
Game mode
Random Map
Map size
Large (8 player)
Population
200
Speed
Normal
Resources
Standard
Victory
Conquest
Starting age
Dark Age
Ending age
Imperial Age
RankedLock teamsTeams togetherTeam positionsShared explorationLock speedFull tech treeHidden civsTurbo modeCheats
Victory
Defeat
🇩🇪 Koreans · Germany
1059
+12
🇪🇸 Spanish · Spain
1053
+12
🇷🇺 Japanese · Russia
1013
+14
🇲🇽 Mongols · Mexico
905
+18
🇫🇷 Italians · France
1004
-16
🇨🇳 Persians · China
972
-14
🇹🇷 Japanese · Türkiye
941
-13
🇨🇷 Japanese · Costa Rica
929
-13
_gaara_
0:50 Loom
13:58 Feudal Age
15:15 Double-Bit Axe
15:52 Horse Collar
16:26 Fishing Lines
20:14 Gold Mining
23:27 Castle Age
22:56 Stone Mining
23:48 Wheelbarrow
26:34 Bow Saw
27:37 Hand Cart
29:06 Town Watch
30:00 Heavy Plow
30:12 Gillnets
31:35 Gold Shaft Mining
31:04 Scale Mail Armor
34:09 Chain Mail Armor
34:05 Forging
36:52 Imperial Age
36:39 Iron Casting
35:55 Fletching
36:31 Caravan
36:57 Elite Samurai
37:59 Conscription
38:22 Capped Ram
39:46 Plate Mail Armor
40:17 Blast Furnace
41:05 Bodkin Arrow
41:48 Padded Archer Armor
42:46 Bracer
43:27 Kataparuto
42:35 Elite Skirmisher
45:26 Chemistry
44:50 Ballistics
45:20 Leather Archer Armor
47:45 Ring Archer Armor
tretts
0:54 Loom
14:29 Feudal Age
22:08 Castle Age
20:30 Fletching
20:40 Padded Archer Armor
22:54 Double-Bit Axe
24:47 Horse Collar
29:05 Ballistics
32:04 Imperial Age
29:47 Gold Mining
31:00 Bodkin Arrow
31:22 Leather Archer Armor
32:08 Thumb Ring
31:49 Fishing Lines
32:20 Demolition Ship
33:24 Bow Saw
34:01 Conscription
34:59 Chemistry
35:01 Wheelbarrow
36:29 Crossbowman
36:49 Elite Genoese Crossbowman
38:39 Bracer
39:10 Ring Archer Armor
40:19 Elite Skirmisher
47:06 Gillnets
省委高育良
0:39 Loom
10:52 Feudal Age
15:02 Castle Age
13:11 Double-Bit Axe
13:07 Horse Collar
21:33 Heavy Plow
23:13 Bow Saw
25:46 Stone Mining
26:31 Gold Mining
29:31 Imperial Age
28:14 Wheelbarrow
28:18 Gold Shaft Mining
28:23 Stone Shaft Mining
28:19 Town Watch
29:46 Forging
29:41 Scale Barding Armor
30:21 Hand Cart
30:55 Crop Rotation
31:28 Two-Man Saw
31:55 Chain Barding Armor
32:10 Iron Casting
33:21 Conscription
33:06 Cavalier
33:46 Husbandry
33:57 Bloodlines
34:50 Plate Barding Armor
35:15 Blast Furnace
34:10 Fletching
34:21 Padded Archer Armor
35:24 Chemistry
34:23 Savar
41:11 Ballistics
41:30 Kamandaran
41:39 Thumb Ring
40:55 Crossbowman
41:37 Bodkin Arrow
41:57 Leather Archer Armor
43:56 Ring Archer Armor
43:27 Scale Mail Armor
47:36 Light Cavalry
ENVY
2:04 Loom
13:57 Feudal Age
15:26 Arson
15:34 Town Watch
19:21 Wheelbarrow
22:19 Fishing Lines
27:28 Castle Age
26:09 Scale Mail Armor
26:19 Forging
28:13 Gillnets
27:57 Pikeman
28:38 Squires
31:01 Iron Casting
30:58 Fortified Wall
32:13 Ballistics
32:07 Horse Collar
33:38 Coinage
33:48 Murder Holes
35:18 Treadmill Crane
36:19 Double-Bit Axe
36:46 Caravan
37:26 Chain Mail Armor
38:58 Hand Cart
38:44 Town Patrol
AldoDG
1:25 Loom
12:49 Feudal Age
15:18 Double-Bit Axe
18:41 Forging
24:43 Castle Age
23:51 Wheelbarrow
24:06 Stone Mining
24:07 Gold Mining
32:55 Bow Saw
34:12 Gold Shaft Mining
33:20 Horse Collar
34:20 Husbandry
34:31 Bloodlines
35:14 Fletching
35:25 Padded Archer Armor
36:00 Bodkin Arrow
35:57 Elite Skirmisher
37:10 Caravan
37:04 Light Cavalry
38:09 Ballistics
38:24 Leather Archer Armor
43:21 Imperial Age
42:22 Scale Mail Armor
42:31 Scale Barding Armor
45:30 Chemistry
44:32 Bracer
44:52 Chain Barding Armor
45:09 Iron Casting
45:31 Hand Cart
45:02 Town Watch
47:32 Nomads
46:58 Elite Steppe Lancer
48:44 Blast Furnace
elfoaltohero
0:53 Loom
12:56 Feudal Age
14:23 Wheelbarrow
13:37 Double-Bit Axe
18:20 Castle Age
17:06 Stone Mining
17:09 Horse Collar
25:21 Heavy Plow
31:02 Hand Cart
32:37 Fortified Wall
32:24 Murder Holes
38:13 Imperial Age
40:03 Chemistry
39:24 Ballistics
41:17 Bombard Tower
46:54 Gold Mining
47:19 Bow Saw
47:23 Caravan
47:53 Coinage
47:44 Masonry
Jandei
0:26 Loom
13:43 Feudal Age
14:31 Town Watch
16:02 Gold Mining
18:51 Horse Collar
23:05 Castle Age
21:22 Stone Mining
21:30 Double-Bit Axe
21:59 Fletching
22:56 Scale Mail Armor
24:32 Bow Saw
26:45 Wheelbarrow
26:20 Bodkin Arrow
27:44 Gold Shaft Mining
34:10 Imperial Age
31:57 Heavy Plow
33:10 Eupseong
33:21 Crossbowman
34:26 Fortified Wall
34:48 Masonry
35:39 Stone Shaft Mining
35:33 Conscription
35:18 Arbalester
36:50 Bracer
38:30 Thumb Ring
39:23 Ballistics
41:24 Chemistry
40:31 Siege Engineers
42:43 Elite War Wagon
44:10 Scale Barding Armor
44:44 Murder Holes
45:20 Architecture
45:09 Husbandry
45:17 Town Patrol
45:34 Hand Cart
45:43 Forging
Sairax
2:03 Loom
11:59 Feudal Age
19:10 Castle Age
17:25 Double-Bit Axe
17:56 Gold Mining
18:43 Stone Mining
21:24 Fishing Lines
25:21 Wheelbarrow
24:33 Town Watch
26:41 Gillnets
28:38 Bow Saw
28:18 Horse Collar
34:26 Imperial Age
34:09 Heavy Plow
34:57 Forging
34:47 Scale Mail Armor
35:35 Conscription
35:43 Kataparuto
35:52 Gambesons
36:07 Squires
35:53 Arson
36:46 Iron Casting
36:24 Elite Samurai
37:08 Pikeman
39:04 Chain Mail Armor
41:08 Blast Furnace
40:38 Plate Mail Armor
39:38 Halberdier
42:15 Man-at-Arms
43:30 Long Swordsman
45:31 Two-Handed Swordsman
49:07 Two-Man Saw
48:26 Hand Cart
48:13 Town Patrol
48:17 Champion
Connection lost

Rejoining the realm…

Still unreachable

The connection could not be restored.

Session expired

The server has moved on; the page needs a fresh start.